 Dungeon Crawl Stone Soup version 0.28-a0-511-gcc94558de3 (webtiles) character file.

Game seed: 7681053838430978294

0 meatgazer the Skirmisher (level 1, -14/18 HPs)
             Began as a Demonspawn Abyssal Knight on Sept 21, 2021.
             Was a Follower of Lugonu.
             Demolished by a chaos spawn (15 damage)
             ... on level 1 of the Abyss.
             The game lasted 00:00:17 (64 turns).

meatgazer the Skirmisher (Demonspawn Abyssal Knight)  Turns: 64, Time: 00:00:18

Health: -14/18     AC:  3    Str: 13    XL:     1   Next: 0%
Magic:  2/2        EV: 11    Int: 11    God:    Lugonu [*.....]
Gold:   0          SH:  0    Dex: 13    Spells: 0/0 levels left

rFire   . . .      SeeInvis .   a - +1 falchion
rCold   . . .      Faith    .   (no shield)
rNeg    . . .      Spirit   .   b - +0 leather armour
rPois   .          Reflect  .   (no helmet)
rElec   .          Harm     .   (no cloak)
rCorr   .          Rampage  .   (no gloves)
Will    .....                   (no boots)
Stlth   +.........              (no amulet)
HPRegen 0.06/turn               (no ring)
MPRegen 0.08/turn               (no ring)

@: no status effects
A: no striking features
a: Renounce Religion, Depart the Abyss


You were on level 1 of the Abyss.
You worshipped Lugonu.
Lugonu was aware of your devotion.
You visited 0 branches of the dungeon, and saw 0 of its levels.
You visited the Abyss 1 time.

Inventory:

Hand Weapons
 a - a +1 falchion (weapon)
Armour
 b - a +0 leather armour (worn)


   Skills:
 + Level 3.0 Fighting
 + Level 1.7 Long Blades
 + Level 1.7 Armour
 + Level 0.8 Dodging
 + Level 2.4 Invocations


You couldn't memorise any spells.
You didn't know any spells.
Your spell library was empty.

Dungeon Overview and Level Annotations

Branches:
Dungeon (0/15)

Altars:


Message History

Welcome, meatgazer the Demonspawn Abyssal Knight.
The bosom of this dungeon contains the fabled artefact, the Orb of Zot.
Lugonu says: Depart the Abyss and spread corruption, my servant! (use the ability menu to exit the Abyss) Press ? for a list of commands and other information.
Found a corrupted altar of Lugonu.
Found 18 stones.
You see here 18 stones.
Found a spear.
Found a spear.
Found a gateway leading out of the Abyss.
A chaos spawn comes into view.
The chaos spawn howls!
Found a fizzy black potion.
An ancient zyme comes into view.
You feel yourself growing ill in the presence of the ancient zyme.
You feel yourself growing ill in the presence of the ancient zyme.
You hit the ancient zyme but do no damage.
The ancient zyme hits you but does no damage.
The ancient zyme barely misses you.
You hit the ancient zyme.
The ancient zyme is lightly damaged.
The ancient zyme closely misses you.
The ancient zyme hits you but does no damage.
You hit the ancient zyme.
The ancient zyme is lightly damaged.
The ancient zyme misses you. The ancient zyme closely misses you.
You slash the ancient zyme!
The ancient zyme is moderately damaged.
The chaos spawn hits you!
Ouch! That really hurt!
* * * LOW HITPOINT WARNING * * *
The chaos spawn freezes you!
Ouch! That really hurt!
You die...

. ## .#.. #.. #.. .#
#.# ## .! ##.##.# # #
##.##..#..# .) .
###.#.x@...### ...
##......4.....# ..
##.#.#..#.#...#.# ## .#
##.#.#..#.# ..# .##.#
#.#.#......#
.....#.#### ..##.....#
.. #...#.......#.#.#
...####..##..##..##.#..
###..##..##..##.4


You could see an ancient zyme and a chaos spawn.

Vanquished Creatures (others)
  A demonic plant (Abyss:1)
1 creature vanquished.

Notes
Turn   | Place    | Note
-------+----------+-------------------------------------------
     0 | Abyss:1  | meatgazer the Demonspawn Abyssal Knight began the quest for
                  | the Orb.
     0 | Abyss:1  | Reached XP level 1. HP: 18/18 MP: 2/2
    54 | Abyss:1  | Noticed a chaos spawn
    55 | Abyss:1  | Noticed an ancient zyme
    64 | Abyss:1  | Demolished by a chaos spawn

Illustrated notes

Levels and vault maps discovered:
Abyss:1:  base: Temple, base: Temple, evilmike_abyss_exit_plants

Action                   || total
-------------------------++-------
Melee: Falchion          ||     4
Armor: Leather armour    ||     2
Dodge: Dodged            ||     4

Table legend: (Time is in decaauts)
 A = Elapsed time spent in this place.
 B = Non-inter-level travel time spent in this place.
 C = Inter-level travel time spent in this place.
 D = Time resting spent in this place.
 E = Time spent auto-exploring this place.
 F = Levels seen in this place.
 G = Mean time per level.
                   A        B        C        D        E       F      G
               +--------+--------+--------+--------+--------+-----+--------+
         Total |     64 |     64 |      0 |      0 |     51 |   1 |   64.0 |
         Abyss |     64 |     64 |      0 |      0 |     51 |   1 |   64.0 |
               +--------+--------+--------+--------+--------+-----+--------+

Top non-repeatable levels by time:
 Abyss:1: 64 daAuts
